 Dungeon Crawl Stone Soup version 0.29.0-4-gdea44cf6ec (webtiles) character file.

Game seed: 7411089936594236029

585 qw the Ruffian (level 7, 57/57 HPs)
             Began as a Ghoul Fire Elementalist on Aug 29, 2022.
             Quit the game on level 4 of the Dungeon.
             The game lasted 00:17:52 (5074 turns).

qw the Ruffian (Ghoul Fire Elementalist)            Turns: 5074, Time: 00:17:53

Health: 57/57      AC: 14    Str: 14    XL:     7   Next: 37%
Magic:  8/8        EV:  6    Int: 10    God:
Gold:   112        SH:  0    Dex:  9    Spells: 8/9 levels left

rFire   . . .      SeeInvis .     - Unarmed
rCold   + . .      Faith    .   (no shield)
rNeg    + + +      Spirit   .   i - +0 chain mail
rPois   inf        Reflect  .   (no helmet)
rElec   .          Harm     .   d - +2 cloak
rCorr   .          Rampage  .   b - +1 pair of gloves
Will    .....                   e - +0 pair of boots
Stlth   ..........              (no amulet)
HPRegen 0.19/turn               (no ring)
MPRegen 0.11/turn               (no ring)

@: no status effects
A: claws 1, cold resistance 1, negative energy resistance 3, inhibited
regeneration, torment resistance 2, devour on kill
a: no special abilities


You were on level 4 of the Dungeon.
You visited 1 branch of the dungeon, and saw 4 of its levels.

You collected 166 gold pieces.
You spent 54 gold pieces at shops.


Innate Abilities, Weirdness & Mutations

You are immune to poison.
You have sharp fingernails.
Your flesh is cold resistant. (rC+)
You are immune to negative energy. (rN+++)
You do not regenerate when monsters are visible.
You are immune to unholy pain and torment.
You thrive by killing the living.


   Skills:
 - Level 3.0 Fighting
 + Level 1.2 Armour
 - Level 1.7 Dodging
 - Level 2.1 Stealth
 - Level 7.4 Unarmed Combat
 - Level 1.7 Spellcasting
 - Level 0.7 Conjurations
 - Level 2.4 Fire Magic


You had 8 spell levels left.
You knew the following spells:

 Your Spells              Type           Power      Damage    Failure   Level
a - Foxfire               Conj/Fire      16%        2x1d4     99%         1

Your spell library contained the following spells:

 Spells                   Type           Power      Damage    Failure   Level
 Scorch                   Fire           10%        2d6       99%         2
 Conjure Flame            Conj/Fire      4%         6-21      100%        3
 Inner Flame              Hex/Fire       3%         N/A       100%        3
 Flame Wave               Conj/Fire      4%         2d5       100%        4

Inventory:

Armour
 b - a +1 pair of gloves (worn)
 d - a +2 cloak (worn)
 e - a +0 pair of boots (worn)
 i - a +0 chain mail (worn)
Scrolls
 a - 2 scrolls of identify
Potions
 c - a potion of curing

Dungeon Overview and Level Annotations

Branches:
Dungeon (4/15)             Temple (0/1) D:4

Altars:

Shops:
D:4 [


Message History

Where to? (* - list waypoints, Enter - Temple, ? - help) Sorry, I don't know how to get there.
Done exploring.
5068 ||| Stepping randomly (stuck).
Done exploring.
(D) Dungeon (T) Temple
Where to? (* - list waypoints, Enter - Temple, ? - help) Sorry, I don't know how to get there.
Done exploring.
5069 ||| Stepping randomly (stuck).
Done exploring.
(D) Dungeon (T) Temple
Where to? (* - list waypoints, Enter - Temple, ? - help) Sorry, I don't know how to get there.
Done exploring.
5070 ||| Stepping randomly (stuck).
Done exploring.
(D) Dungeon (T) Temple
Where to? (* - list waypoints, Enter - Temple, ? - help) Sorry, I don't know how to get there.
Done exploring.
5071 ||| Stepping randomly (stuck).
Done exploring.
(D) Dungeon (T) Temple
Where to? (* - list waypoints, Enter - Temple, ? - help) Sorry, I don't know how to get there.
Done exploring.
5072 ||| Stepping randomly (stuck).
Done exploring.
(D) Dungeon (T) Temple
Where to? (* - list waypoints, Enter - Temple, ? - help) Sorry, I don't know how to get there.
Done exploring.
5073 ||| Stepping randomly (stuck).
Done exploring.
(D) Dungeon (T) Temple
Where to? (* - list waypoints, Enter - Temple, ? - help) Sorry, I don't know how to get there.
Done exploring.
Are you sure you want to abandon this character and quit the game? (Confirm with "yes".)

#.............#
#.##.##
########.>.)(###
#...... #.....#.##
######. #........# #.
###.....#\## #.
#.........## ######.
#..........# #......
#.......<..# #.####.
#.##@..##..# #.# #.
#.##...##..####.####.
#.##..............##.
#.#######..####.#.#..
#.######.......[#.#.#
#.......)..###..#.#..
############ #..#.###
####.# #.###


There were no monsters in sight!

Vanquished Creatures
  An ogre (D:4)
  An ice beast (D:3)
  A necrophage (D:4)
  3 hounds
  An iguana (D:4)
  An orc wizard (D:3)
  Natasha (thrice) (D:2)
  3 gnolls (D:3)
  4 adders
  A worm (D:2)
  3 dart slugs
  3 orcs (D:3)
  10 ball pythons
  5 bats
  8 endoplasms
  7 goblins
  5 hobgoblins
  A quokka (D:1)
  3 frilled lizards
  4 kobolds
  2 rats
70 creatures vanquished.

Vanquished Creatures (others)
  A plant (D:3)
1 creature vanquished.

Grand Total: 71 creatures vanquished

Notes
Turn   | Place    | Note
-------+----------+-------------------------------------------
     0 | D:1      | qw the Ghoul Fire Elementalist began the quest for the Orb.
     0 | D:1      | Reached XP level 1. HP: 14/14 MP: 2/2
     0 | D:1      | 0 ||| qw: Version: 0.1-a-90-g952f4b7
     0 | D:1      | 0 ||| qw: Game counter: 4056
     0 | D:1      | 0 ||| qw: Always use a shield: true
     0 | D:1      | 0 ||| qw: God list: Okawaru
     0 | D:1      | 0 ||| qw: Allow faded altars: false
     0 | D:1      | 0 ||| qw: Do Orc after D:15 true
     0 | D:1      | 0 ||| qw: Do second Lair branch before Depths: true
     0 | D:1      | 0 ||| qw: Lair rune preference: random
     0 | D:1      | 0 ||| qw: Plans: Normal
     0 | D:1      | 0 ||| PLANNING D:1-11
    92 | D:1      | Reached skill level 1 in Unarmed Combat
   171 | D:1      | Reached XP level 2. HP: 22/22 MP: 3/3
   222 | D:1      | Reached skill level 1 in Fighting
   237 | D:1      | 237 ||| Stepping ~*~*~tactically~*~*~ (hiding).
   346 | D:1      | 346 ||| Stepping ~*~*~tactically~*~*~ (hiding).
   572 | D:1      | Reached skill level 2 in Unarmed Combat
   610 | D:1      | Found a faded altar of an unknown god.
   728 | D:1      | 728 ||| UPGRADING to +0 ring mail.
   738 | D:1      | 738 ||| DROPPING +0 robe.
   739 | D:1      | 739 ||| UPGRADING to +0 chain mail.
   749 | D:1      | 749 ||| DROPPING +0 ring mail.
   750 | D:1      | 750 ||| DROPPING ring of magical power.
   751 | D:1      | 751 ||| READING 2 scrolls labelled ODUGAQ ROQIE.
   755 | D:1      | 755 ||| READING scroll labelled FIPOL MEMNEA.
   756 | D:1      | 756 ||| READING scroll labelled PILIYL KOODWORR.
   757 | D:1      | 757 ||| READING scroll labelled XEZ FIXISTIE.
   758 | D:1      | 758 ||| DROPPING potion of magic.
   768 | D:2      | 768 ||| Stepping ~*~*~tactically~*~*~ (stealth).
   769 | D:2      | 769 ||| Stepping ~*~*~tactically~*~*~ (stealth).
   777 | D:2      | Reached XP level 3. HP: 28/28 MP: 4/4
   911 | D:2      | Reached skill level 3 in Unarmed Combat
   936 | D:2      | 936 ||| Stepping ~*~*~tactically~*~*~ (stealth).
   939 | D:2      | 939 ||| Stepping ~*~*~tactically~*~*~ (stealth).
   941 | D:2      | 941 ||| Stepping ~*~*~tactically~*~*~ (stealth).
   942 | D:2      | 942 ||| Stepping ~*~*~tactically~*~*~ (stealth).
   979 | D:2      | Noticed Natasha
   985 | D:2      | Killed Natasha
   986 | D:2      | Reached XP level 4. HP: 35/35 MP: 5/5
  1037 | D:2      | Reached skill level 4 in Unarmed Combat
  1309 | D:2      | Noticed Natasha
  1322 | D:2      | Killed Natasha
  1355 | D:2      | Noticed Natasha
  1356 | D:2      | 1356 ||| Stepping ~*~*~tactically~*~*~ (stealth).
  1359 | D:2      | 1359 ||| Stepping ~*~*~tactically~*~*~ (hiding).
  1360 | D:2      | 1360 ||| Stepping ~*~*~tactically~*~*~ (hiding).
  1361 | D:2      | 1361 ||| Stepping ~*~*~tactically~*~*~ (hiding).
  1363 | D:2      | 1363 ||| Stepping ~*~*~tactically~*~*~ (hiding).
  1369 | D:2      | Killed Natasha
  1370 | D:2      | Reached skill level 1 in Armour
  1370 | D:2      | Reached XP level 5. HP: 40/41 MP: 6/6
  1572 | D:2      | 1572 ||| DRINKING 2 murky emerald potions.
  1573 | D:2      | 1573 ||| DROPPING potion of lignification.
  1848 | D:3      | HP: 10/41 [something (1)]
  2277 | D:3      | Reached skill level 5 in Unarmed Combat
  2433 | D:3      | Noticed an ice beast
  2450 | D:3      | Killed an ice beast
  2451 | D:3      | Reached XP level 6. HP: 35/48 MP: 7/7
  2668 | D:3      | Reached skill level 6 in Unarmed Combat
  2835 | D:3      | 2835 ||| DROPPING amulet of magic regeneration.
  2836 | D:3      | 2836 ||| READING 3 scrolls of identify.
  2836 | D:3      | 2836 ||| IDENTIFYING puce potion
  2837 | D:3      | 2837 ||| READING 2 scrolls of identify.
  2837 | D:3      | 2837 ||| IDENTIFYING viscous purple potion
  2838 | D:3      | 2838 ||| DROPPING potion of brilliance.
  2911 | D:4      | Reached skill level 3 in Fighting
  3121 | D:4      | Identified the +2 ring mail "Agodaj" {Stlth+}
  3171 | D:4      | 3171 ||| Stepping ~*~*~tactically~*~*~ (outnumbered).
  3178 | D:4      | Reached XP level 7. HP: 29/57 MP: 8/8
  3338 | D:4      | Found a staircase to the Ecumenical Temple.
  3339 | D:4      | 3339 ||| PLANNING TEMPLE
  3339 | D:4      | 3339 ||| UPGRADING to +1 pair of gloves.
  3344 | D:4      | 3344 ||| DROPPING +2 ring mail "Agodaj" {Stlth+}.
  3657 | D:4      | 3657 ||| READING scroll labelled FEABREREECA.
  3662 | D:4      | Found Vivuy's Armour Boutique.
  3689 | D:4      | Reached skill level 7 in Unarmed Combat
  3719 | D:4      | 3719 ||| BUYING +0 pair of boots (54 gold).
  3719 | D:4      | Bought a +0 pair of boots for 54 gold pieces
  3719 | D:4      | 3719 ||| SHOPLISTING +0 plate armour (276 gold, have 99).
  3719 | D:4      | 3719 ||| SHOPLISTING +1 hat of stealth (192 gold, have 99).
  3719 | D:4      | 3719 ||| SHOPLISTING +4 crystal plate armour "Kolips"
                  | {rElec rN++ Dex-2 Stlth+} (1388 gold, have 99).
  3719 | D:4      | 3719 ||| SHOPLISTING +8 orange crystal plate armour
                  | {Archmagi, Int+3 Clar} (1734 gold, have 99).
  4052 | D:4      | 4052 ||| UPGRADING to +2 cloak.
  4057 | D:4      | 4057 ||| UPGRADING to +0 pair of boots.
  4062 | D:4      | 4062 ||| READING scroll labelled TICEPE EMOUMADO.
  4063 | D:4      | 4063 ||| READING 3 scrolls of teleportation.
  4066 | D:4      | 4066 ||| READING 2 scrolls of teleportation.
  4070 | D:4      | 4070 ||| READING scroll of teleportation.
  4074 | D:4      | 4074 ||| Stepping randomly (stuck).
  4075 | D:4      | 4075 ||| Stepping randomly (stuck).
  4076 | D:4      | 4076 ||| Stepping randomly (stuck).
  4077 | D:4      | 4077 ||| Stepping randomly (stuck).
  4078 | D:4      | 4078 ||| Stepping randomly (stuck).
  4079 | D:4      | 4079 ||| Stepping randomly (stuck).
  4080 | D:4      | 4080 ||| Stepping randomly (stuck).
  4081 | D:4      | 4081 ||| Stepping randomly (stuck).
  4082 | D:4      | 4082 ||| Stepping randomly (stuck).
  4083 | D:4      | 4083 ||| Stepping randomly (stuck).
  4084 | D:4      | 4084 ||| Stepping randomly (stuck).
  4085 | D:4      | 4085 ||| Stepping randomly (stuck).
  4086 | D:4      | 4086 ||| Stepping randomly (stuck).
  4087 | D:4      | 4087 ||| Stepping randomly (stuck).
  4088 | D:4      | 4088 ||| Stepping randomly (stuck).
  4089 | D:4      | 4089 ||| Stepping randomly (stuck).
  4090 | D:4      | 4090 ||| Stepping randomly (stuck).
  4091 | D:4      | 4091 ||| Stepping randomly (stuck).
  4092 | D:4      | 4092 ||| Stepping randomly (stuck).
  4093 | D:4      | 4093 ||| Stepping randomly (stuck).
  4094 | D:4      | 4094 ||| Stepping randomly (stuck).
  4095 | D:4      | 4095 ||| Stepping randomly (stuck).
  4096 | D:4      | 4096 ||| Stepping randomly (stuck).
  4097 | D:4      | 4097 ||| Stepping randomly (stuck).
  4098 | D:4      | 4098 ||| Stepping randomly (stuck).
  4099 | D:4      | 4099 ||| Stepping randomly (stuck).
  4100 | D:4      | 4100 ||| Stepping randomly (stuck).
  4101 | D:4      | 4101 ||| Stepping randomly (stuck).
  4102 | D:4      | 4102 ||| Stepping randomly (stuck).
  4103 | D:4      | 4103 ||| Stepping randomly (stuck).
  4104 | D:4      | 4104 ||| Stepping randomly (stuck).
  4105 | D:4      | 4105 ||| Stepping randomly (stuck).
  4106 | D:4      | 4106 ||| Stepping randomly (stuck).
  4107 | D:4      | 4107 ||| Stepping randomly (stuck).
  4108 | D:4      | 4108 ||| Stepping randomly (stuck).
  4109 | D:4      | 4109 ||| Stepping randomly (stuck).
  4110 | D:4      | 4110 ||| Stepping randomly (stuck).
  4111 | D:4      | 4111 ||| Stepping randomly (stuck).
  4112 | D:4      | 4112 ||| Stepping randomly (stuck).
  4113 | D:4      | 4113 ||| Stepping randomly (stuck).
  4114 | D:4      | 4114 ||| Stepping randomly (stuck).
  4115 | D:4      | 4115 ||| Stepping randomly (stuck).
  4116 | D:4      | 4116 ||| Stepping randomly (stuck).
  4117 | D:4      | 4117 ||| Stepping randomly (stuck).
  4118 | D:4      | 4118 ||| Stepping randomly (stuck).
  4119 | D:4      | 4119 ||| Stepping randomly (stuck).
  4120 | D:4      | 4120 ||| Stepping randomly (stuck).
  4121 | D:4      | 4121 ||| Stepping randomly (stuck).
  4122 | D:4      | 4122 ||| Stepping randomly (stuck).
  4123 | D:4      | 4123 ||| Stepping randomly (stuck).
  4124 | D:4      | 4124 ||| Stepping randomly (stuck).
  4125 | D:4      | 4125 ||| Stepping randomly (stuck).
  4126 | D:4      | 4126 ||| Stepping randomly (stuck).
  4127 | D:4      | 4127 ||| Stepping randomly (stuck).
  4128 | D:4      | 4128 ||| Stepping randomly (stuck).
  4129 | D:4      | 4129 ||| Stepping randomly (stuck).
  4130 | D:4      | 4130 ||| Stepping randomly (stuck).
  4131 | D:4      | 4131 ||| Stepping randomly (stuck).
  4132 | D:4      | 4132 ||| Stepping randomly (stuck).
  4133 | D:4      | 4133 ||| Stepping randomly (stuck).
  4134 | D:4      | 4134 ||| Stepping randomly (stuck).
  4135 | D:4      | 4135 ||| Stepping randomly (stuck).
  4136 | D:4      | 4136 ||| Stepping randomly (stuck).
  4137 | D:4      | 4137 ||| Stepping randomly (stuck).
  4138 | D:4      | 4138 ||| Stepping randomly (stuck).
  4139 | D:4      | 4139 ||| Stepping randomly (stuck).
  4140 | D:4      | 4140 ||| Stepping randomly (stuck).
  4141 | D:4      | 4141 ||| Stepping randomly (stuck).
  4142 | D:4      | 4142 ||| Stepping randomly (stuck).
  4143 | D:4      | 4143 ||| Stepping randomly (stuck).
  4144 | D:4      | 4144 ||| Stepping randomly (stuck).
  4145 | D:4      | 4145 ||| Stepping randomly (stuck).
  4146 | D:4      | 4146 ||| Stepping randomly (stuck).
  4147 | D:4      | 4147 ||| Stepping randomly (stuck).
  4148 | D:4      | 4148 ||| Stepping randomly (stuck).
  4149 | D:4      | 4149 ||| Stepping randomly (stuck).
  4150 | D:4      | 4150 ||| Stepping randomly (stuck).
  4151 | D:4      | 4151 ||| Stepping randomly (stuck).
  4152 | D:4      | 4152 ||| Stepping randomly (stuck).
  4153 | D:4      | 4153 ||| Stepping randomly (stuck).
  4154 | D:4      | 4154 ||| Stepping randomly (stuck).
  4155 | D:4      | 4155 ||| Stepping randomly (stuck).
  4156 | D:4      | 4156 ||| Stepping randomly (stuck).
  4157 | D:4      | 4157 ||| Stepping randomly (stuck).
  4158 | D:4      | 4158 ||| Stepping randomly (stuck).
  4159 | D:4      | 4159 ||| Stepping randomly (stuck).
  4160 | D:4      | 4160 ||| Stepping randomly (stuck).
  4161 | D:4      | 4161 ||| Stepping randomly (stuck).
  4162 | D:4      | 4162 ||| Stepping randomly (stuck).
  4163 | D:4      | 4163 ||| Stepping randomly (stuck).
  4164 | D:4      | 4164 ||| Stepping randomly (stuck).
  4165 | D:4      | 4165 ||| Stepping randomly (stuck).
  4166 | D:4      | 4166 ||| Stepping randomly (stuck).
  4167 | D:4      | 4167 ||| Stepping randomly (stuck).
  4168 | D:4      | 4168 ||| Stepping randomly (stuck).
  4169 | D:4      | 4169 ||| Stepping randomly (stuck).
  4170 | D:4      | 4170 ||| Stepping randomly (stuck).
  4171 | D:4      | 4171 ||| Stepping randomly (stuck).
  4172 | D:4      | 4172 ||| Stepping randomly (stuck).
  4173 | D:4      | 4173 ||| Stepping randomly (stuck).
  4174 | D:4      | 4174 ||| Stepping randomly (stuck).
  4175 | D:4      | 4175 ||| Stepping randomly (stuck).
  4176 | D:4      | 4176 ||| Stepping randomly (stuck).
  4177 | D:4      | 4177 ||| Stepping randomly (stuck).
  4178 | D:4      | 4178 ||| Stepping randomly (stuck).
  4179 | D:4      | 4179 ||| Stepping randomly (stuck).
  4180 | D:4      | 4180 ||| Stepping randomly (stuck).
  4181 | D:4      | 4181 ||| Stepping randomly (stuck).
  4182 | D:4      | 4182 ||| Stepping randomly (stuck).
  4183 | D:4      | 4183 ||| Stepping randomly (stuck).
  4184 | D:4      | 4184 ||| Stepping randomly (stuck).
  4185 | D:4      | 4185 ||| Stepping randomly (stuck).
  4186 | D:4      | 4186 ||| Stepping randomly (stuck).
  4187 | D:4      | 4187 ||| Stepping randomly (stuck).
  4188 | D:4      | 4188 ||| Stepping randomly (stuck).
  4189 | D:4      | 4189 ||| Stepping randomly (stuck).
  4190 | D:4      | 4190 ||| Stepping randomly (stuck).
  4191 | D:4      | 4191 ||| Stepping randomly (stuck).
  4192 | D:4      | 4192 ||| Stepping randomly (stuck).
  4193 | D:4      | 4193 ||| Stepping randomly (stuck).
  4194 | D:4      | 4194 ||| Stepping randomly (stuck).
  4195 | D:4      | 4195 ||| Stepping randomly (stuck).
  4196 | D:4      | 4196 ||| Stepping randomly (stuck).
  4197 | D:4      | 4197 ||| Stepping randomly (stuck).
  4198 | D:4      | 4198 ||| Stepping randomly (stuck).
  4199 | D:4      | 4199 ||| Stepping randomly (stuck).
  4200 | D:4      | 4200 ||| Stepping randomly (stuck).
  4201 | D:4      | 4201 ||| Stepping randomly (stuck).
  4202 | D:4      | 4202 ||| Stepping randomly (stuck).
  4203 | D:4      | 4203 ||| Stepping randomly (stuck).
  4204 | D:4      | 4204 ||| Stepping randomly (stuck).
  4205 | D:4      | 4205 ||| Stepping randomly (stuck).
  4206 | D:4      | 4206 ||| Stepping randomly (stuck).
  4207 | D:4      | 4207 ||| Stepping randomly (stuck).
  4208 | D:4      | 4208 ||| Stepping randomly (stuck).
  4209 | D:4      | 4209 ||| Stepping randomly (stuck).
  4210 | D:4      | 4210 ||| Stepping randomly (stuck).
  4211 | D:4      | 4211 ||| Stepping randomly (stuck).
  4212 | D:4      | 4212 ||| Stepping randomly (stuck).
  4213 | D:4      | 4213 ||| Stepping randomly (stuck).
  4214 | D:4      | 4214 ||| Stepping randomly (stuck).
  4215 | D:4      | 4215 ||| Stepping randomly (stuck).
  4216 | D:4      | 4216 ||| Stepping randomly (stuck).
  4217 | D:4      | 4217 ||| Stepping randomly (stuck).
  4218 | D:4      | 4218 ||| Stepping randomly (stuck).
  4219 | D:4      | 4219 ||| Stepping randomly (stuck).
  4220 | D:4      | 4220 ||| Stepping randomly (stuck).
  4221 | D:4      | 4221 ||| Stepping randomly (stuck).
  4222 | D:4      | 4222 ||| Stepping randomly (stuck).
  4223 | D:4      | 4223 ||| Stepping randomly (stuck).
  4224 | D:4      | 4224 ||| Stepping randomly (stuck).
  4225 | D:4      | 4225 ||| Stepping randomly (stuck).
  4226 | D:4      | 4226 ||| Stepping randomly (stuck).
  4227 | D:4      | 4227 ||| Stepping randomly (stuck).
  4228 | D:4      | 4228 ||| Stepping randomly (stuck).
  4229 | D:4      | 4229 ||| Stepping randomly (stuck).
  4230 | D:4      | 4230 ||| Stepping randomly (stuck).
  4231 | D:4      | 4231 ||| Stepping randomly (stuck).
  4232 | D:4      | 4232 ||| Stepping randomly (stuck).
  4233 | D:4      | 4233 ||| Stepping randomly (stuck).
  4234 | D:4      | 4234 ||| Stepping randomly (stuck).
  4235 | D:4      | 4235 ||| Stepping randomly (stuck).
  4236 | D:4      | 4236 ||| Stepping randomly (stuck).
  4237 | D:4      | 4237 ||| Stepping randomly (stuck).
  4238 | D:4      | 4238 ||| Stepping randomly (stuck).
  4239 | D:4      | 4239 ||| Stepping randomly (stuck).
  4240 | D:4      | 4240 ||| Stepping randomly (stuck).
  4241 | D:4      | 4241 ||| Stepping randomly (stuck).
  4242 | D:4      | 4242 ||| Stepping randomly (stuck).
  4243 | D:4      | 4243 ||| Stepping randomly (stuck).
  4244 | D:4      | 4244 ||| Stepping randomly (stuck).
  4245 | D:4      | 4245 ||| Stepping randomly (stuck).
  4246 | D:4      | 4246 ||| Stepping randomly (stuck).
  4247 | D:4      | 4247 ||| Stepping randomly (stuck).
  4248 | D:4      | 4248 ||| Stepping randomly (stuck).
  4249 | D:4      | 4249 ||| Stepping randomly (stuck).
  4250 | D:4      | 4250 ||| Stepping randomly (stuck).
  4251 | D:4      | 4251 ||| Stepping randomly (stuck).
  4252 | D:4      | 4252 ||| Stepping randomly (stuck).
  4253 | D:4      | 4253 ||| Stepping randomly (stuck).
  4254 | D:4      | 4254 ||| Stepping randomly (stuck).
  4255 | D:4      | 4255 ||| Stepping randomly (stuck).
  4256 | D:4      | 4256 ||| Stepping randomly (stuck).
  4257 | D:4      | 4257 ||| Stepping randomly (stuck).
  4258 | D:4      | 4258 ||| Stepping randomly (stuck).
  4259 | D:4      | 4259 ||| Stepping randomly (stuck).
  4260 | D:4      | 4260 ||| Stepping randomly (stuck).
  4261 | D:4      | 4261 ||| Stepping randomly (stuck).
  4262 | D:4      | 4262 ||| Stepping randomly (stuck).
  4263 | D:4      | 4263 ||| Stepping randomly (stuck).
  4264 | D:4      | 4264 ||| Stepping randomly (stuck).
  4265 | D:4      | 4265 ||| Stepping randomly (stuck).
  4266 | D:4      | 4266 ||| Stepping randomly (stuck).
  4267 | D:4      | 4267 ||| Stepping randomly (stuck).
  4268 | D:4      | 4268 ||| Stepping randomly (stuck).
  4269 | D:4      | 4269 ||| Stepping randomly (stuck).
  4270 | D:4      | 4270 ||| Stepping randomly (stuck).
  4271 | D:4      | 4271 ||| Stepping randomly (stuck).
  4272 | D:4      | 4272 ||| Stepping randomly (stuck).
  4273 | D:4      | 4273 ||| Stepping randomly (stuck).
  4274 | D:4      | 4274 ||| Stepping randomly (stuck).
  4275 | D:4      | 4275 ||| Stepping randomly (stuck).
  4276 | D:4      | 4276 ||| Stepping randomly (stuck).
  4277 | D:4      | 4277 ||| Stepping randomly (stuck).
  4278 | D:4      | 4278 ||| Stepping randomly (stuck).
  4279 | D:4      | 4279 ||| Stepping randomly (stuck).
  4280 | D:4      | 4280 ||| Stepping randomly (stuck).
  4281 | D:4      | 4281 ||| Stepping randomly (stuck).
  4282 | D:4      | 4282 ||| Stepping randomly (stuck).
  4283 | D:4      | 4283 ||| Stepping randomly (stuck).
  4284 | D:4      | 4284 ||| Stepping randomly (stuck).
  4285 | D:4      | 4285 ||| Stepping randomly (stuck).
  4286 | D:4      | 4286 ||| Stepping randomly (stuck).
  4287 | D:4      | 4287 ||| Stepping randomly (stuck).
  4288 | D:4      | 4288 ||| Stepping randomly (stuck).
  4289 | D:4      | 4289 ||| Stepping randomly (stuck).
  4290 | D:4      | 4290 ||| Stepping randomly (stuck).
  4291 | D:4      | 4291 ||| Stepping randomly (stuck).
  4292 | D:4      | 4292 ||| Stepping randomly (stuck).
  4293 | D:4      | 4293 ||| Stepping randomly (stuck).
  4294 | D:4      | 4294 ||| Stepping randomly (stuck).
  4295 | D:4      | 4295 ||| Stepping randomly (stuck).
  4296 | D:4      | 4296 ||| Stepping randomly (stuck).
  4297 | D:4      | 4297 ||| Stepping randomly (stuck).
  4298 | D:4      | 4298 ||| Stepping randomly (stuck).
  4299 | D:4      | 4299 ||| Stepping randomly (stuck).
  4300 | D:4      | 4300 ||| Stepping randomly (stuck).
  4301 | D:4      | 4301 ||| Stepping randomly (stuck).
  4302 | D:4      | 4302 ||| Stepping randomly (stuck).
  4303 | D:4      | 4303 ||| Stepping randomly (stuck).
  4304 | D:4      | 4304 ||| Stepping randomly (stuck).
  4305 | D:4      | 4305 ||| Stepping randomly (stuck).
  4306 | D:4      | 4306 ||| Stepping randomly (stuck).
  4307 | D:4      | 4307 ||| Stepping randomly (stuck).
  4308 | D:4      | 4308 ||| Stepping randomly (stuck).
  4309 | D:4      | 4309 ||| Stepping randomly (stuck).
  4310 | D:4      | 4310 ||| Stepping randomly (stuck).
  4311 | D:4      | 4311 ||| Stepping randomly (stuck).
  4312 | D:4      | 4312 ||| Stepping randomly (stuck).
  4313 | D:4      | 4313 ||| Stepping randomly (stuck).
  4314 | D:4      | 4314 ||| Stepping randomly (stuck).
  4315 | D:4      | 4315 ||| Stepping randomly (stuck).
  4316 | D:4      | 4316 ||| Stepping randomly (stuck).
  4317 | D:4      | 4317 ||| Stepping randomly (stuck).
  4318 | D:4      | 4318 ||| Stepping randomly (stuck).
  4319 | D:4      | 4319 ||| Stepping randomly (stuck).
  4320 | D:4      | 4320 ||| Stepping randomly (stuck).
  4321 | D:4      | 4321 ||| Stepping randomly (stuck).
  4322 | D:4      | 4322 ||| Stepping randomly (stuck).
  4323 | D:4      | 4323 ||| Stepping randomly (stuck).
  4324 | D:4      | 4324 ||| Stepping randomly (stuck).
  4325 | D:4      | 4325 ||| Stepping randomly (stuck).
  4326 | D:4      | 4326 ||| Stepping randomly (stuck).
  4327 | D:4      | 4327 ||| Stepping randomly (stuck).
  4328 | D:4      | 4328 ||| Stepping randomly (stuck).
  4329 | D:4      | 4329 ||| Stepping randomly (stuck).
  4330 | D:4      | 4330 ||| Stepping randomly (stuck).
  4331 | D:4      | 4331 ||| Stepping randomly (stuck).
  4332 | D:4      | 4332 ||| Stepping randomly (stuck).
  4333 | D:4      | 4333 ||| Stepping randomly (stuck).
  4334 | D:4      | 4334 ||| Stepping randomly (stuck).
  4335 | D:4      | 4335 ||| Stepping randomly (stuck).
  4336 | D:4      | 4336 ||| Stepping randomly (stuck).
  4337 | D:4      | 4337 ||| Stepping randomly (stuck).
  4338 | D:4      | 4338 ||| Stepping randomly (stuck).
  4339 | D:4      | 4339 ||| Stepping randomly (stuck).
  4340 | D:4      | 4340 ||| Stepping randomly (stuck).
  4341 | D:4      | 4341 ||| Stepping randomly (stuck).
  4342 | D:4      | 4342 ||| Stepping randomly (stuck).
  4343 | D:4      | 4343 ||| Stepping randomly (stuck).
  4344 | D:4      | 4344 ||| Stepping randomly (stuck).
  4345 | D:4      | 4345 ||| Stepping randomly (stuck).
  4346 | D:4      | 4346 ||| Stepping randomly (stuck).
  4347 | D:4      | 4347 ||| Stepping randomly (stuck).
  4348 | D:4      | 4348 ||| Stepping randomly (stuck).
  4349 | D:4      | 4349 ||| Stepping randomly (stuck).
  4350 | D:4      | 4350 ||| Stepping randomly (stuck).
  4351 | D:4      | 4351 ||| Stepping randomly (stuck).
  4352 | D:4      | 4352 ||| Stepping randomly (stuck).
  4353 | D:4      | 4353 ||| Stepping randomly (stuck).
  4354 | D:4      | 4354 ||| Stepping randomly (stuck).
  4355 | D:4      | 4355 ||| Stepping randomly (stuck).
  4356 | D:4      | 4356 ||| Stepping randomly (stuck).
  4357 | D:4      | 4357 ||| Stepping randomly (stuck).
  4358 | D:4      | 4358 ||| Stepping randomly (stuck).
  4359 | D:4      | 4359 ||| Stepping randomly (stuck).
  4360 | D:4      | 4360 ||| Stepping randomly (stuck).
  4361 | D:4      | 4361 ||| Stepping randomly (stuck).
  4362 | D:4      | 4362 ||| Stepping randomly (stuck).
  4363 | D:4      | 4363 ||| Stepping randomly (stuck).
  4364 | D:4      | 4364 ||| Stepping randomly (stuck).
  4365 | D:4      | 4365 ||| Stepping randomly (stuck).
  4366 | D:4      | 4366 ||| Stepping randomly (stuck).
  4367 | D:4      | 4367 ||| Stepping randomly (stuck).
  4368 | D:4      | 4368 ||| Stepping randomly (stuck).
  4369 | D:4      | 4369 ||| Stepping randomly (stuck).
  4370 | D:4      | 4370 ||| Stepping randomly (stuck).
  4371 | D:4      | 4371 ||| Stepping randomly (stuck).
  4372 | D:4      | 4372 ||| Stepping randomly (stuck).
  4373 | D:4      | 4373 ||| Stepping randomly (stuck).
  4374 | D:4      | 4374 ||| Stepping randomly (stuck).
  4375 | D:4      | 4375 ||| Stepping randomly (stuck).
  4376 | D:4      | 4376 ||| Stepping randomly (stuck).
  4377 | D:4      | 4377 ||| Stepping randomly (stuck).
  4378 | D:4      | 4378 ||| Stepping randomly (stuck).
  4379 | D:4      | 4379 ||| Stepping randomly (stuck).
  4380 | D:4      | 4380 ||| Stepping randomly (stuck).
  4381 | D:4      | 4381 ||| Stepping randomly (stuck).
  4382 | D:4      | 4382 ||| Stepping randomly (stuck).
  4383 | D:4      | 4383 ||| Stepping randomly (stuck).
  4384 | D:4      | 4384 ||| Stepping randomly (stuck).
  4385 | D:4      | 4385 ||| Stepping randomly (stuck).
  4386 | D:4      | 4386 ||| Stepping randomly (stuck).
  4387 | D:4      | 4387 ||| Stepping randomly (stuck).
  4388 | D:4      | 4388 ||| Stepping randomly (stuck).
  4389 | D:4      | 4389 ||| Stepping randomly (stuck).
  4390 | D:4      | 4390 ||| Stepping randomly (stuck).
  4391 | D:4      | 4391 ||| Stepping randomly (stuck).
  4392 | D:4      | 4392 ||| Stepping randomly (stuck).
  4393 | D:4      | 4393 ||| Stepping randomly (stuck).
  4394 | D:4      | 4394 ||| Stepping randomly (stuck).
  4395 | D:4      | 4395 ||| Stepping randomly (stuck).
  4396 | D:4      | 4396 ||| Stepping randomly (stuck).
  4397 | D:4      | 4397 ||| Stepping randomly (stuck).
  4398 | D:4      | 4398 ||| Stepping randomly (stuck).
  4399 | D:4      | 4399 ||| Stepping randomly (stuck).
  4400 | D:4      | 4400 ||| Stepping randomly (stuck).
  4401 | D:4      | 4401 ||| Stepping randomly (stuck).
  4402 | D:4      | 4402 ||| Stepping randomly (stuck).
  4403 | D:4      | 4403 ||| Stepping randomly (stuck).
  4404 | D:4      | 4404 ||| Stepping randomly (stuck).
  4405 | D:4      | 4405 ||| Stepping randomly (stuck).
  4406 | D:4      | 4406 ||| Stepping randomly (stuck).
  4407 | D:4      | 4407 ||| Stepping randomly (stuck).
  4408 | D:4      | 4408 ||| Stepping randomly (stuck).
  4409 | D:4      | 4409 ||| Stepping randomly (stuck).
  4410 | D:4      | 4410 ||| Stepping randomly (stuck).
  4411 | D:4      | 4411 ||| Stepping randomly (stuck).
  4412 | D:4      | 4412 ||| Stepping randomly (stuck).
  4413 | D:4      | 4413 ||| Stepping randomly (stuck).
  4414 | D:4      | 4414 ||| Stepping randomly (stuck).
  4415 | D:4      | 4415 ||| Stepping randomly (stuck).
  4416 | D:4      | 4416 ||| Stepping randomly (stuck).
  4417 | D:4      | 4417 ||| Stepping randomly (stuck).
  4418 | D:4      | 4418 ||| Stepping randomly (stuck).
  4419 | D:4      | 4419 ||| Stepping randomly (stuck).
  4420 | D:4      | 4420 ||| Stepping randomly (stuck).
  4421 | D:4      | 4421 ||| Stepping randomly (stuck).
  4422 | D:4      | 4422 ||| Stepping randomly (stuck).
  4423 | D:4      | 4423 ||| Stepping randomly (stuck).
  4424 | D:4      | 4424 ||| Stepping randomly (stuck).
  4425 | D:4      | 4425 ||| Stepping randomly (stuck).
  4426 | D:4      | 4426 ||| Stepping randomly (stuck).
  4427 | D:4      | 4427 ||| Stepping randomly (stuck).
  4428 | D:4      | 4428 ||| Stepping randomly (stuck).
  4429 | D:4      | 4429 ||| Stepping randomly (stuck).
  4430 | D:4      | 4430 ||| Stepping randomly (stuck).
  4431 | D:4      | 4431 ||| Stepping randomly (stuck).
  4432 | D:4      | 4432 ||| Stepping randomly (stuck).
  4433 | D:4      | 4433 ||| Stepping randomly (stuck).
  4434 | D:4      | 4434 ||| Stepping randomly (stuck).
  4435 | D:4      | 4435 ||| Stepping randomly (stuck).
  4436 | D:4      | 4436 ||| Stepping randomly (stuck).
  4437 | D:4      | 4437 ||| Stepping randomly (stuck).
  4438 | D:4      | 4438 ||| Stepping randomly (stuck).
  4439 | D:4      | 4439 ||| Stepping randomly (stuck).
  4440 | D:4      | 4440 ||| Stepping randomly (stuck).
  4441 | D:4      | 4441 ||| Stepping randomly (stuck).
  4442 | D:4      | 4442 ||| Stepping randomly (stuck).
  4443 | D:4      | 4443 ||| Stepping randomly (stuck).
  4444 | D:4      | 4444 ||| Stepping randomly (stuck).
  4445 | D:4      | 4445 ||| Stepping randomly (stuck).
  4446 | D:4      | 4446 ||| Stepping randomly (stuck).
  4447 | D:4      | 4447 ||| Stepping randomly (stuck).
  4448 | D:4      | 4448 ||| Stepping randomly (stuck).
  4449 | D:4      | 4449 ||| Stepping randomly (stuck).
  4450 | D:4      | 4450 ||| Stepping randomly (stuck).
  4451 | D:4      | 4451 ||| Stepping randomly (stuck).
  4452 | D:4      | 4452 ||| Stepping randomly (stuck).
  4453 | D:4      | 4453 ||| Stepping randomly (stuck).
  4454 | D:4      | 4454 ||| Stepping randomly (stuck).
  4455 | D:4      | 4455 ||| Stepping randomly (stuck).
  4456 | D:4      | 4456 ||| Stepping randomly (stuck).
  4457 | D:4      | 4457 ||| Stepping randomly (stuck).
  4458 | D:4      | 4458 ||| Stepping randomly (stuck).
  4459 | D:4      | 4459 ||| Stepping randomly (stuck).
  4460 | D:4      | 4460 ||| Stepping randomly (stuck).
  4461 | D:4      | 4461 ||| Stepping randomly (stuck).
  4462 | D:4      | 4462 ||| Stepping randomly (stuck).
  4463 | D:4      | 4463 ||| Stepping randomly (stuck).
  4464 | D:4      | 4464 ||| Stepping randomly (stuck).
  4465 | D:4      | 4465 ||| Stepping randomly (stuck).
  4466 | D:4      | 4466 ||| Stepping randomly (stuck).
  4467 | D:4      | 4467 ||| Stepping randomly (stuck).
  4468 | D:4      | 4468 ||| Stepping randomly (stuck).
  4469 | D:4      | 4469 ||| Stepping randomly (stuck).
  4470 | D:4      | 4470 ||| Stepping randomly (stuck).
  4471 | D:4      | 4471 ||| Stepping randomly (stuck).
  4472 | D:4      | 4472 ||| Stepping randomly (stuck).
  4473 | D:4      | 4473 ||| Stepping randomly (stuck).
  4474 | D:4      | 4474 ||| Stepping randomly (stuck).
  4475 | D:4      | 4475 ||| Stepping randomly (stuck).
  4476 | D:4      | 4476 ||| Stepping randomly (stuck).
  4477 | D:4      | 4477 ||| Stepping randomly (stuck).
  4478 | D:4      | 4478 ||| Stepping randomly (stuck).
  4479 | D:4      | 4479 ||| Stepping randomly (stuck).
  4480 | D:4      | 4480 ||| Stepping randomly (stuck).
  4481 | D:4      | 4481 ||| Stepping randomly (stuck).
  4482 | D:4      | 4482 ||| Stepping randomly (stuck).
  4483 | D:4      | 4483 ||| Stepping randomly (stuck).
  4484 | D:4      | 4484 ||| Stepping randomly (stuck).
  4485 | D:4      | 4485 ||| Stepping randomly (stuck).
  4486 | D:4      | 4486 ||| Stepping randomly (stuck).
  4487 | D:4      | 4487 ||| Stepping randomly (stuck).
  4488 | D:4      | 4488 ||| Stepping randomly (stuck).
  4489 | D:4      | 4489 ||| Stepping randomly (stuck).
  4490 | D:4      | 4490 ||| Stepping randomly (stuck).
  4491 | D:4      | 4491 ||| Stepping randomly (stuck).
  4492 | D:4      | 4492 ||| Stepping randomly (stuck).
  4493 | D:4      | 4493 ||| Stepping randomly (stuck).
  4494 | D:4      | 4494 ||| Stepping randomly (stuck).
  4495 | D:4      | 4495 ||| Stepping randomly (stuck).
  4496 | D:4      | 4496 ||| Stepping randomly (stuck).
  4497 | D:4      | 4497 ||| Stepping randomly (stuck).
  4498 | D:4      | 4498 ||| Stepping randomly (stuck).
  4499 | D:4      | 4499 ||| Stepping randomly (stuck).
  4500 | D:4      | 4500 ||| Stepping randomly (stuck).
  4501 | D:4      | 4501 ||| Stepping randomly (stuck).
  4502 | D:4      | 4502 ||| Stepping randomly (stuck).
  4503 | D:4      | 4503 ||| Stepping randomly (stuck).
  4504 | D:4      | 4504 ||| Stepping randomly (stuck).
  4505 | D:4      | 4505 ||| Stepping randomly (stuck).
  4506 | D:4      | 4506 ||| Stepping randomly (stuck).
  4507 | D:4      | 4507 ||| Stepping randomly (stuck).
  4508 | D:4      | 4508 ||| Stepping randomly (stuck).
  4509 | D:4      | 4509 ||| Stepping randomly (stuck).
  4510 | D:4      | 4510 ||| Stepping randomly (stuck).
  4511 | D:4      | 4511 ||| Stepping randomly (stuck).
  4512 | D:4      | 4512 ||| Stepping randomly (stuck).
  4513 | D:4      | 4513 ||| Stepping randomly (stuck).
  4514 | D:4      | 4514 ||| Stepping randomly (stuck).
  4515 | D:4      | 4515 ||| Stepping randomly (stuck).
  4516 | D:4      | 4516 ||| Stepping randomly (stuck).
  4517 | D:4      | 4517 ||| Stepping randomly (stuck).
  4518 | D:4      | 4518 ||| Stepping randomly (stuck).
  4519 | D:4      | 4519 ||| Stepping randomly (stuck).
  4520 | D:4      | 4520 ||| Stepping randomly (stuck).
  4521 | D:4      | 4521 ||| Stepping randomly (stuck).
  4522 | D:4      | 4522 ||| Stepping randomly (stuck).
  4523 | D:4      | 4523 ||| Stepping randomly (stuck).
  4524 | D:4      | 4524 ||| Stepping randomly (stuck).
  4525 | D:4      | 4525 ||| Stepping randomly (stuck).
  4526 | D:4      | 4526 ||| Stepping randomly (stuck).
  4527 | D:4      | 4527 ||| Stepping randomly (stuck).
  4528 | D:4      | 4528 ||| Stepping randomly (stuck).
  4529 | D:4      | 4529 ||| Stepping randomly (stuck).
  4530 | D:4      | 4530 ||| Stepping randomly (stuck).
  4531 | D:4      | 4531 ||| Stepping randomly (stuck).
  4532 | D:4      | 4532 ||| Stepping randomly (stuck).
  4533 | D:4      | 4533 ||| Stepping randomly (stuck).
  4534 | D:4      | 4534 ||| Stepping randomly (stuck).
  4535 | D:4      | 4535 ||| Stepping randomly (stuck).
  4536 | D:4      | 4536 ||| Stepping randomly (stuck).
  4537 | D:4      | 4537 ||| Stepping randomly (stuck).
  4538 | D:4      | 4538 ||| Stepping randomly (stuck).
  4539 | D:4      | 4539 ||| Stepping randomly (stuck).
  4540 | D:4      | 4540 ||| Stepping randomly (stuck).
  4541 | D:4      | 4541 ||| Stepping randomly (stuck).
  4542 | D:4      | 4542 ||| Stepping randomly (stuck).
  4543 | D:4      | 4543 ||| Stepping randomly (stuck).
  4544 | D:4      | 4544 ||| Stepping randomly (stuck).
  4545 | D:4      | 4545 ||| Stepping randomly (stuck).
  4546 | D:4      | 4546 ||| Stepping randomly (stuck).
  4547 | D:4      | 4547 ||| Stepping randomly (stuck).
  4548 | D:4      | 4548 ||| Stepping randomly (stuck).
  4549 | D:4      | 4549 ||| Stepping randomly (stuck).
  4550 | D:4      | 4550 ||| Stepping randomly (stuck).
  4551 | D:4      | 4551 ||| Stepping randomly (stuck).
  4552 | D:4      | 4552 ||| Stepping randomly (stuck).
  4553 | D:4      | 4553 ||| Stepping randomly (stuck).
  4554 | D:4      | 4554 ||| Stepping randomly (stuck).
  4555 | D:4      | 4555 ||| Stepping randomly (stuck).
  4556 | D:4      | 4556 ||| Stepping randomly (stuck).
  4557 | D:4      | 4557 ||| Stepping randomly (stuck).
  4558 | D:4      | 4558 ||| Stepping randomly (stuck).
  4559 | D:4      | 4559 ||| Stepping randomly (stuck).
  4560 | D:4      | 4560 ||| Stepping randomly (stuck).
  4561 | D:4      | 4561 ||| Stepping randomly (stuck).
  4562 | D:4      | 4562 ||| Stepping randomly (stuck).
  4563 | D:4      | 4563 ||| Stepping randomly (stuck).
  4564 | D:4      | 4564 ||| Stepping randomly (stuck).
  4565 | D:4      | 4565 ||| Stepping randomly (stuck).
  4566 | D:4      | 4566 ||| Stepping randomly (stuck).
  4567 | D:4      | 4567 ||| Stepping randomly (stuck).
  4568 | D:4      | 4568 ||| Stepping randomly (stuck).
  4569 | D:4      | 4569 ||| Stepping randomly (stuck).
  4570 | D:4      | 4570 ||| Stepping randomly (stuck).
  4571 | D:4      | 4571 ||| Stepping randomly (stuck).
  4572 | D:4      | 4572 ||| Stepping randomly (stuck).
  4573 | D:4      | 4573 ||| Stepping randomly (stuck).
  4574 | D:4      | 4574 ||| Stepping randomly (stuck).
  4575 | D:4      | 4575 ||| Stepping randomly (stuck).
  4576 | D:4      | 4576 ||| Stepping randomly (stuck).
  4577 | D:4      | 4577 ||| Stepping randomly (stuck).
  4578 | D:4      | 4578 ||| Stepping randomly (stuck).
  4579 | D:4      | 4579 ||| Stepping randomly (stuck).
  4580 | D:4      | 4580 ||| Stepping randomly (stuck).
  4581 | D:4      | 4581 ||| Stepping randomly (stuck).
  4582 | D:4      | 4582 ||| Stepping randomly (stuck).
  4583 | D:4      | 4583 ||| Stepping randomly (stuck).
  4584 | D:4      | 4584 ||| Stepping randomly (stuck).
  4585 | D:4      | 4585 ||| Stepping randomly (stuck).
  4586 | D:4      | 4586 ||| Stepping randomly (stuck).
  4587 | D:4      | 4587 ||| Stepping randomly (stuck).
  4588 | D:4      | 4588 ||| Stepping randomly (stuck).
  4589 | D:4      | 4589 ||| Stepping randomly (stuck).
  4590 | D:4      | 4590 ||| Stepping randomly (stuck).
  4591 | D:4      | 4591 ||| Stepping randomly (stuck).
  4592 | D:4      | 4592 ||| Stepping randomly (stuck).
  4593 | D:4      | 4593 ||| Stepping randomly (stuck).
  4594 | D:4      | 4594 ||| Stepping randomly (stuck).
  4595 | D:4      | 4595 ||| Stepping randomly (stuck).
  4596 | D:4      | 4596 ||| Stepping randomly (stuck).
  4597 | D:4      | 4597 ||| Stepping randomly (stuck).
  4598 | D:4      | 4598 ||| Stepping randomly (stuck).
  4599 | D:4      | 4599 ||| Stepping randomly (stuck).
  4600 | D:4      | 4600 ||| Stepping randomly (stuck).
  4601 | D:4      | 4601 ||| Stepping randomly (stuck).
  4602 | D:4      | 4602 ||| Stepping randomly (stuck).
  4603 | D:4      | 4603 ||| Stepping randomly (stuck).
  4604 | D:4      | 4604 ||| Stepping randomly (stuck).
  4605 | D:4      | 4605 ||| Stepping randomly (stuck).
  4606 | D:4      | 4606 ||| Stepping randomly (stuck).
  4607 | D:4      | 4607 ||| Stepping randomly (stuck).
  4608 | D:4      | 4608 ||| Stepping randomly (stuck).
  4609 | D:4      | 4609 ||| Stepping randomly (stuck).
  4610 | D:4      | 4610 ||| Stepping randomly (stuck).
  4611 | D:4      | 4611 ||| Stepping randomly (stuck).
  4612 | D:4      | 4612 ||| Stepping randomly (stuck).
  4613 | D:4      | 4613 ||| Stepping randomly (stuck).
  4614 | D:4      | 4614 ||| Stepping randomly (stuck).
  4615 | D:4      | 4615 ||| Stepping randomly (stuck).
  4616 | D:4      | 4616 ||| Stepping randomly (stuck).
  4617 | D:4      | 4617 ||| Stepping randomly (stuck).
  4618 | D:4      | 4618 ||| Stepping randomly (stuck).
  4619 | D:4      | 4619 ||| Stepping randomly (stuck).
  4620 | D:4      | 4620 ||| Stepping randomly (stuck).
  4621 | D:4      | 4621 ||| Stepping randomly (stuck).
  4622 | D:4      | 4622 ||| Stepping randomly (stuck).
  4623 | D:4      | 4623 ||| Stepping randomly (stuck).
  4624 | D:4      | 4624 ||| Stepping randomly (stuck).
  4625 | D:4      | 4625 ||| Stepping randomly (stuck).
  4626 | D:4      | 4626 ||| Stepping randomly (stuck).
  4627 | D:4      | 4627 ||| Stepping randomly (stuck).
  4628 | D:4      | 4628 ||| Stepping randomly (stuck).
  4629 | D:4      | 4629 ||| Stepping randomly (stuck).
  4630 | D:4      | 4630 ||| Stepping randomly (stuck).
  4631 | D:4      | 4631 ||| Stepping randomly (stuck).
  4632 | D:4      | 4632 ||| Stepping randomly (stuck).
  4633 | D:4      | 4633 ||| Stepping randomly (stuck).
  4634 | D:4      | 4634 ||| Stepping randomly (stuck).
  4635 | D:4      | 4635 ||| Stepping randomly (stuck).
  4636 | D:4      | 4636 ||| Stepping randomly (stuck).
  4637 | D:4      | 4637 ||| Stepping randomly (stuck).
  4638 | D:4      | 4638 ||| Stepping randomly (stuck).
  4639 | D:4      | 4639 ||| Stepping randomly (stuck).
  4640 | D:4      | 4640 ||| Stepping randomly (stuck).
  4641 | D:4      | 4641 ||| Stepping randomly (stuck).
  4642 | D:4      | 4642 ||| Stepping randomly (stuck).
  4643 | D:4      | 4643 ||| Stepping randomly (stuck).
  4644 | D:4      | 4644 ||| Stepping randomly (stuck).
  4645 | D:4      | 4645 ||| Stepping randomly (stuck).
  4646 | D:4      | 4646 ||| Stepping randomly (stuck).
  4647 | D:4      | 4647 ||| Stepping randomly (stuck).
  4648 | D:4      | 4648 ||| Stepping randomly (stuck).
  4649 | D:4      | 4649 ||| Stepping randomly (stuck).
  4650 | D:4      | 4650 ||| Stepping randomly (stuck).
  4651 | D:4      | 4651 ||| Stepping randomly (stuck).
  4652 | D:4      | 4652 ||| Stepping randomly (stuck).
  4653 | D:4      | 4653 ||| Stepping randomly (stuck).
  4654 | D:4      | 4654 ||| Stepping randomly (stuck).
  4655 | D:4      | 4655 ||| Stepping randomly (stuck).
  4656 | D:4      | 4656 ||| Stepping randomly (stuck).
  4657 | D:4      | 4657 ||| Stepping randomly (stuck).
  4658 | D:4      | 4658 ||| Stepping randomly (stuck).
  4659 | D:4      | 4659 ||| Stepping randomly (stuck).
  4660 | D:4      | 4660 ||| Stepping randomly (stuck).
  4661 | D:4      | 4661 ||| Stepping randomly (stuck).
  4662 | D:4      | 4662 ||| Stepping randomly (stuck).
  4663 | D:4      | 4663 ||| Stepping randomly (stuck).
  4664 | D:4      | 4664 ||| Stepping randomly (stuck).
  4665 | D:4      | 4665 ||| Stepping randomly (stuck).
  4666 | D:4      | 4666 ||| Stepping randomly (stuck).
  4667 | D:4      | 4667 ||| Stepping randomly (stuck).
  4668 | D:4      | 4668 ||| Stepping randomly (stuck).
  4669 | D:4      | 4669 ||| Stepping randomly (stuck).
  4670 | D:4      | 4670 ||| Stepping randomly (stuck).
  4671 | D:4      | 4671 ||| Stepping randomly (stuck).
  4672 | D:4      | 4672 ||| Stepping randomly (stuck).
  4673 | D:4      | 4673 ||| Stepping randomly (stuck).
  4674 | D:4      | 4674 ||| Stepping randomly (stuck).
  4675 | D:4      | 4675 ||| Stepping randomly (stuck).
  4676 | D:4      | 4676 ||| Stepping randomly (stuck).
  4677 | D:4      | 4677 ||| Stepping randomly (stuck).
  4678 | D:4      | 4678 ||| Stepping randomly (stuck).
  4679 | D:4      | 4679 ||| Stepping randomly (stuck).
  4680 | D:4      | 4680 ||| Stepping randomly (stuck).
  4681 | D:4      | 4681 ||| Stepping randomly (stuck).
  4682 | D:4      | 4682 ||| Stepping randomly (stuck).
  4683 | D:4      | 4683 ||| Stepping randomly (stuck).
  4684 | D:4      | 4684 ||| Stepping randomly (stuck).
  4685 | D:4      | 4685 ||| Stepping randomly (stuck).
  4686 | D:4      | 4686 ||| Stepping randomly (stuck).
  4687 | D:4      | 4687 ||| Stepping randomly (stuck).
  4688 | D:4      | 4688 ||| Stepping randomly (stuck).
  4689 | D:4      | 4689 ||| Stepping randomly (stuck).
  4690 | D:4      | 4690 ||| Stepping randomly (stuck).
  4691 | D:4      | 4691 ||| Stepping randomly (stuck).
  4692 | D:4      | 4692 ||| Stepping randomly (stuck).
  4693 | D:4      | 4693 ||| Stepping randomly (stuck).
  4694 | D:4      | 4694 ||| Stepping randomly (stuck).
  4695 | D:4      | 4695 ||| Stepping randomly (stuck).
  4696 | D:4      | 4696 ||| Stepping randomly (stuck).
  4697 | D:4      | 4697 ||| Stepping randomly (stuck).
  4698 | D:4      | 4698 ||| Stepping randomly (stuck).
  4699 | D:4      | 4699 ||| Stepping randomly (stuck).
  4700 | D:4      | 4700 ||| Stepping randomly (stuck).
  4701 | D:4      | 4701 ||| Stepping randomly (stuck).
  4702 | D:4      | 4702 ||| Stepping randomly (stuck).
  4703 | D:4      | 4703 ||| Stepping randomly (stuck).
  4704 | D:4      | 4704 ||| Stepping randomly (stuck).
  4705 | D:4      | 4705 ||| Stepping randomly (stuck).
  4706 | D:4      | 4706 ||| Stepping randomly (stuck).
  4707 | D:4      | 4707 ||| Stepping randomly (stuck).
  4708 | D:4      | 4708 ||| Stepping randomly (stuck).
  4709 | D:4      | 4709 ||| Stepping randomly (stuck).
  4710 | D:4      | 4710 ||| Stepping randomly (stuck).
  4711 | D:4      | 4711 ||| Stepping randomly (stuck).
  4712 | D:4      | 4712 ||| Stepping randomly (stuck).
  4713 | D:4      | 4713 ||| Stepping randomly (stuck).
  4714 | D:4      | 4714 ||| Stepping randomly (stuck).
  4715 | D:4      | 4715 ||| Stepping randomly (stuck).
  4716 | D:4      | 4716 ||| Stepping randomly (stuck).
  4717 | D:4      | 4717 ||| Stepping randomly (stuck).
  4718 | D:4      | 4718 ||| Stepping randomly (stuck).
  4719 | D:4      | 4719 ||| Stepping randomly (stuck).
  4720 | D:4      | 4720 ||| Stepping randomly (stuck).
  4721 | D:4      | 4721 ||| Stepping randomly (stuck).
  4722 | D:4      | 4722 ||| Stepping randomly (stuck).
  4723 | D:4      | 4723 ||| Stepping randomly (stuck).
  4724 | D:4      | 4724 ||| Stepping randomly (stuck).
  4725 | D:4      | 4725 ||| Stepping randomly (stuck).
  4726 | D:4      | 4726 ||| Stepping randomly (stuck).
  4727 | D:4      | 4727 ||| Stepping randomly (stuck).
  4728 | D:4      | 4728 ||| Stepping randomly (stuck).
  4729 | D:4      | 4729 ||| Stepping randomly (stuck).
  4730 | D:4      | 4730 ||| Stepping randomly (stuck).
  4731 | D:4      | 4731 ||| Stepping randomly (stuck).
  4732 | D:4      | 4732 ||| Stepping randomly (stuck).
  4733 | D:4      | 4733 ||| Stepping randomly (stuck).
  4734 | D:4      | 4734 ||| Stepping randomly (stuck).
  4735 | D:4      | 4735 ||| Stepping randomly (stuck).
  4736 | D:4      | 4736 ||| Stepping randomly (stuck).
  4737 | D:4      | 4737 ||| Stepping randomly (stuck).
  4738 | D:4      | 4738 ||| Stepping randomly (stuck).
  4739 | D:4      | 4739 ||| Stepping randomly (stuck).
  4740 | D:4      | 4740 ||| Stepping randomly (stuck).
  4741 | D:4      | 4741 ||| Stepping randomly (stuck).
  4742 | D:4      | 4742 ||| Stepping randomly (stuck).
  4743 | D:4      | 4743 ||| Stepping randomly (stuck).
  4744 | D:4      | 4744 ||| Stepping randomly (stuck).
  4745 | D:4      | 4745 ||| Stepping randomly (stuck).
  4746 | D:4      | 4746 ||| Stepping randomly (stuck).
  4747 | D:4      | 4747 ||| Stepping randomly (stuck).
  4748 | D:4      | 4748 ||| Stepping randomly (stuck).
  4749 | D:4      | 4749 ||| Stepping randomly (stuck).
  4750 | D:4      | 4750 ||| Stepping randomly (stuck).
  4751 | D:4      | 4751 ||| Stepping randomly (stuck).
  4752 | D:4      | 4752 ||| Stepping randomly (stuck).
  4753 | D:4      | 4753 ||| Stepping randomly (stuck).
  4754 | D:4      | 4754 ||| Stepping randomly (stuck).
  4755 | D:4      | 4755 ||| Stepping randomly (stuck).
  4756 | D:4      | 4756 ||| Stepping randomly (stuck).
  4757 | D:4      | 4757 ||| Stepping randomly (stuck).
  4758 | D:4      | 4758 ||| Stepping randomly (stuck).
  4759 | D:4      | 4759 ||| Stepping randomly (stuck).
  4760 | D:4      | 4760 ||| Stepping randomly (stuck).
  4761 | D:4      | 4761 ||| Stepping randomly (stuck).
  4762 | D:4      | 4762 ||| Stepping randomly (stuck).
  4763 | D:4      | 4763 ||| Stepping randomly (stuck).
  4764 | D:4      | 4764 ||| Stepping randomly (stuck).
  4765 | D:4      | 4765 ||| Stepping randomly (stuck).
  4766 | D:4      | 4766 ||| Stepping randomly (stuck).
  4767 | D:4      | 4767 ||| Stepping randomly (stuck).
  4768 | D:4      | 4768 ||| Stepping randomly (stuck).
  4769 | D:4      | 4769 ||| Stepping randomly (stuck).
  4770 | D:4      | 4770 ||| Stepping randomly (stuck).
  4771 | D:4      | 4771 ||| Stepping randomly (stuck).
  4772 | D:4      | 4772 ||| Stepping randomly (stuck).
  4773 | D:4      | 4773 ||| Stepping randomly (stuck).
  4774 | D:4      | 4774 ||| Stepping randomly (stuck).
  4775 | D:4      | 4775 ||| Stepping randomly (stuck).
  4776 | D:4      | 4776 ||| Stepping randomly (stuck).
  4777 | D:4      | 4777 ||| Stepping randomly (stuck).
  4778 | D:4      | 4778 ||| Stepping randomly (stuck).
  4779 | D:4      | 4779 ||| Stepping randomly (stuck).
  4780 | D:4      | 4780 ||| Stepping randomly (stuck).
  4781 | D:4      | 4781 ||| Stepping randomly (stuck).
  4782 | D:4      | 4782 ||| Stepping randomly (stuck).
  4783 | D:4      | 4783 ||| Stepping randomly (stuck).
  4784 | D:4      | 4784 ||| Stepping randomly (stuck).
  4785 | D:4      | 4785 ||| Stepping randomly (stuck).
  4786 | D:4      | 4786 ||| Stepping randomly (stuck).
  4787 | D:4      | 4787 ||| Stepping randomly (stuck).
  4788 | D:4      | 4788 ||| Stepping randomly (stuck).
  4789 | D:4      | 4789 ||| Stepping randomly (stuck).
  4790 | D:4      | 4790 ||| Stepping randomly (stuck).
  4791 | D:4      | 4791 ||| Stepping randomly (stuck).
  4792 | D:4      | 4792 ||| Stepping randomly (stuck).
  4793 | D:4      | 4793 ||| Stepping randomly (stuck).
  4794 | D:4      | 4794 ||| Stepping randomly (stuck).
  4795 | D:4      | 4795 ||| Stepping randomly (stuck).
  4796 | D:4      | 4796 ||| Stepping randomly (stuck).
  4797 | D:4      | 4797 ||| Stepping randomly (stuck).
  4798 | D:4      | 4798 ||| Stepping randomly (stuck).
  4799 | D:4      | 4799 ||| Stepping randomly (stuck).
  4800 | D:4      | 4800 ||| Stepping randomly (stuck).
  4801 | D:4      | 4801 ||| Stepping randomly (stuck).
  4802 | D:4      | 4802 ||| Stepping randomly (stuck).
  4803 | D:4      | 4803 ||| Stepping randomly (stuck).
  4804 | D:4      | 4804 ||| Stepping randomly (stuck).
  4805 | D:4      | 4805 ||| Stepping randomly (stuck).
  4806 | D:4      | 4806 ||| Stepping randomly (stuck).
  4807 | D:4      | 4807 ||| Stepping randomly (stuck).
  4808 | D:4      | 4808 ||| Stepping randomly (stuck).
  4809 | D:4      | 4809 ||| Stepping randomly (stuck).
  4810 | D:4      | 4810 ||| Stepping randomly (stuck).
  4811 | D:4      | 4811 ||| Stepping randomly (stuck).
  4812 | D:4      | 4812 ||| Stepping randomly (stuck).
  4813 | D:4      | 4813 ||| Stepping randomly (stuck).
  4814 | D:4      | 4814 ||| Stepping randomly (stuck).
  4815 | D:4      | 4815 ||| Stepping randomly (stuck).
  4816 | D:4      | 4816 ||| Stepping randomly (stuck).
  4817 | D:4      | 4817 ||| Stepping randomly (stuck).
  4818 | D:4      | 4818 ||| Stepping randomly (stuck).
  4819 | D:4      | 4819 ||| Stepping randomly (stuck).
  4820 | D:4      | 4820 ||| Stepping randomly (stuck).
  4821 | D:4      | 4821 ||| Stepping randomly (stuck).
  4822 | D:4      | 4822 ||| Stepping randomly (stuck).
  4823 | D:4      | 4823 ||| Stepping randomly (stuck).
  4824 | D:4      | 4824 ||| Stepping randomly (stuck).
  4825 | D:4      | 4825 ||| Stepping randomly (stuck).
  4826 | D:4      | 4826 ||| Stepping randomly (stuck).
  4827 | D:4      | 4827 ||| Stepping randomly (stuck).
  4828 | D:4      | 4828 ||| Stepping randomly (stuck).
  4829 | D:4      | 4829 ||| Stepping randomly (stuck).
  4830 | D:4      | 4830 ||| Stepping randomly (stuck).
  4831 | D:4      | 4831 ||| Stepping randomly (stuck).
  4832 | D:4      | 4832 ||| Stepping randomly (stuck).
  4833 | D:4      | 4833 ||| Stepping randomly (stuck).
  4834 | D:4      | 4834 ||| Stepping randomly (stuck).
  4835 | D:4      | 4835 ||| Stepping randomly (stuck).
  4836 | D:4      | 4836 ||| Stepping randomly (stuck).
  4837 | D:4      | 4837 ||| Stepping randomly (stuck).
  4838 | D:4      | 4838 ||| Stepping randomly (stuck).
  4839 | D:4      | 4839 ||| Stepping randomly (stuck).
  4840 | D:4      | 4840 ||| Stepping randomly (stuck).
  4841 | D:4      | 4841 ||| Stepping randomly (stuck).
  4842 | D:4      | 4842 ||| Stepping randomly (stuck).
  4843 | D:4      | 4843 ||| Stepping randomly (stuck).
  4844 | D:4      | 4844 ||| Stepping randomly (stuck).
  4845 | D:4      | 4845 ||| Stepping randomly (stuck).
  4846 | D:4      | 4846 ||| Stepping randomly (stuck).
  4847 | D:4      | 4847 ||| Stepping randomly (stuck).
  4848 | D:4      | 4848 ||| Stepping randomly (stuck).
  4849 | D:4      | 4849 ||| Stepping randomly (stuck).
  4850 | D:4      | 4850 ||| Stepping randomly (stuck).
  4851 | D:4      | 4851 ||| Stepping randomly (stuck).
  4852 | D:4      | 4852 ||| Stepping randomly (stuck).
  4853 | D:4      | 4853 ||| Stepping randomly (stuck).
  4854 | D:4      | 4854 ||| Stepping randomly (stuck).
  4855 | D:4      | 4855 ||| Stepping randomly (stuck).
  4856 | D:4      | 4856 ||| Stepping randomly (stuck).
  4857 | D:4      | 4857 ||| Stepping randomly (stuck).
  4858 | D:4      | 4858 ||| Stepping randomly (stuck).
  4859 | D:4      | 4859 ||| Stepping randomly (stuck).
  4860 | D:4      | 4860 ||| Stepping randomly (stuck).
  4861 | D:4      | 4861 ||| Stepping randomly (stuck).
  4862 | D:4      | 4862 ||| Stepping randomly (stuck).
  4863 | D:4      | 4863 ||| Stepping randomly (stuck).
  4864 | D:4      | 4864 ||| Stepping randomly (stuck).
  4865 | D:4      | 4865 ||| Stepping randomly (stuck).
  4866 | D:4      | 4866 ||| Stepping randomly (stuck).
  4867 | D:4      | 4867 ||| Stepping randomly (stuck).
  4868 | D:4      | 4868 ||| Stepping randomly (stuck).
  4869 | D:4      | 4869 ||| Stepping randomly (stuck).
  4870 | D:4      | 4870 ||| Stepping randomly (stuck).
  4871 | D:4      | 4871 ||| Stepping randomly (stuck).
  4872 | D:4      | 4872 ||| Stepping randomly (stuck).
  4873 | D:4      | 4873 ||| Stepping randomly (stuck).
  4874 | D:4      | 4874 ||| Stepping randomly (stuck).
  4875 | D:4      | 4875 ||| Stepping randomly (stuck).
  4876 | D:4      | 4876 ||| Stepping randomly (stuck).
  4877 | D:4      | 4877 ||| Stepping randomly (stuck).
  4878 | D:4      | 4878 ||| Stepping randomly (stuck).
  4879 | D:4      | 4879 ||| Stepping randomly (stuck).
  4880 | D:4      | 4880 ||| Stepping randomly (stuck).
  4881 | D:4      | 4881 ||| Stepping randomly (stuck).
  4882 | D:4      | 4882 ||| Stepping randomly (stuck).
  4883 | D:4      | 4883 ||| Stepping randomly (stuck).
  4884 | D:4      | 4884 ||| Stepping randomly (stuck).
  4885 | D:4      | 4885 ||| Stepping randomly (stuck).
  4886 | D:4      | 4886 ||| Stepping randomly (stuck).
  4887 | D:4      | 4887 ||| Stepping randomly (stuck).
  4888 | D:4      | 4888 ||| Stepping randomly (stuck).
  4889 | D:4      | 4889 ||| Stepping randomly (stuck).
  4890 | D:4      | 4890 ||| Stepping randomly (stuck).
  4891 | D:4      | 4891 ||| Stepping randomly (stuck).
  4892 | D:4      | 4892 ||| Stepping randomly (stuck).
  4893 | D:4      | 4893 ||| Stepping randomly (stuck).
  4894 | D:4      | 4894 ||| Stepping randomly (stuck).
  4895 | D:4      | 4895 ||| Stepping randomly (stuck).
  4896 | D:4      | 4896 ||| Stepping randomly (stuck).
  4897 | D:4      | 4897 ||| Stepping randomly (stuck).
  4898 | D:4      | 4898 ||| Stepping randomly (stuck).
  4899 | D:4      | 4899 ||| Stepping randomly (stuck).
  4900 | D:4      | 4900 ||| Stepping randomly (stuck).
  4901 | D:4      | 4901 ||| Stepping randomly (stuck).
  4902 | D:4      | 4902 ||| Stepping randomly (stuck).
  4903 | D:4      | 4903 ||| Stepping randomly (stuck).
  4904 | D:4      | 4904 ||| Stepping randomly (stuck).
  4905 | D:4      | 4905 ||| Stepping randomly (stuck).
  4906 | D:4      | 4906 ||| Stepping randomly (stuck).
  4907 | D:4      | 4907 ||| Stepping randomly (stuck).
  4908 | D:4      | 4908 ||| Stepping randomly (stuck).
  4909 | D:4      | 4909 ||| Stepping randomly (stuck).
  4910 | D:4      | 4910 ||| Stepping randomly (stuck).
  4911 | D:4      | 4911 ||| Stepping randomly (stuck).
  4912 | D:4      | 4912 ||| Stepping randomly (stuck).
  4913 | D:4      | 4913 ||| Stepping randomly (stuck).
  4914 | D:4      | 4914 ||| Stepping randomly (stuck).
  4915 | D:4      | 4915 ||| Stepping randomly (stuck).
  4916 | D:4      | 4916 ||| Stepping randomly (stuck).
  4917 | D:4      | 4917 ||| Stepping randomly (stuck).
  4918 | D:4      | 4918 ||| Stepping randomly (stuck).
  4919 | D:4      | 4919 ||| Stepping randomly (stuck).
  4920 | D:4      | 4920 ||| Stepping randomly (stuck).
  4921 | D:4      | 4921 ||| Stepping randomly (stuck).
  4922 | D:4      | 4922 ||| Stepping randomly (stuck).
  4923 | D:4      | 4923 ||| Stepping randomly (stuck).
  4924 | D:4      | 4924 ||| Stepping randomly (stuck).
  4925 | D:4      | 4925 ||| Stepping randomly (stuck).
  4926 | D:4      | 4926 ||| Stepping randomly (stuck).
  4927 | D:4      | 4927 ||| Stepping randomly (stuck).
  4928 | D:4      | 4928 ||| Stepping randomly (stuck).
  4929 | D:4      | 4929 ||| Stepping randomly (stuck).
  4930 | D:4      | 4930 ||| Stepping randomly (stuck).
  4931 | D:4      | 4931 ||| Stepping randomly (stuck).
  4932 | D:4      | 4932 ||| Stepping randomly (stuck).
  4933 | D:4      | 4933 ||| Stepping randomly (stuck).
  4934 | D:4      | 4934 ||| Stepping randomly (stuck).
  4935 | D:4      | 4935 ||| Stepping randomly (stuck).
  4936 | D:4      | 4936 ||| Stepping randomly (stuck).
  4937 | D:4      | 4937 ||| Stepping randomly (stuck).
  4938 | D:4      | 4938 ||| Stepping randomly (stuck).
  4939 | D:4      | 4939 ||| Stepping randomly (stuck).
  4940 | D:4      | 4940 ||| Stepping randomly (stuck).
  4941 | D:4      | 4941 ||| Stepping randomly (stuck).
  4942 | D:4      | 4942 ||| Stepping randomly (stuck).
  4943 | D:4      | 4943 ||| Stepping randomly (stuck).
  4944 | D:4      | 4944 ||| Stepping randomly (stuck).
  4945 | D:4      | 4945 ||| Stepping randomly (stuck).
  4946 | D:4      | 4946 ||| Stepping randomly (stuck).
  4947 | D:4      | 4947 ||| Stepping randomly (stuck).
  4948 | D:4      | 4948 ||| Stepping randomly (stuck).
  4949 | D:4      | 4949 ||| Stepping randomly (stuck).
  4950 | D:4      | 4950 ||| Stepping randomly (stuck).
  4951 | D:4      | 4951 ||| Stepping randomly (stuck).
  4952 | D:4      | 4952 ||| Stepping randomly (stuck).
  4953 | D:4      | 4953 ||| Stepping randomly (stuck).
  4954 | D:4      | 4954 ||| Stepping randomly (stuck).
  4955 | D:4      | 4955 ||| Stepping randomly (stuck).
  4956 | D:4      | 4956 ||| Stepping randomly (stuck).
  4957 | D:4      | 4957 ||| Stepping randomly (stuck).
  4958 | D:4      | 4958 ||| Stepping randomly (stuck).
  4959 | D:4      | 4959 ||| Stepping randomly (stuck).
  4960 | D:4      | 4960 ||| Stepping randomly (stuck).
  4961 | D:4      | 4961 ||| Stepping randomly (stuck).
  4962 | D:4      | 4962 ||| Stepping randomly (stuck).
  4963 | D:4      | 4963 ||| Stepping randomly (stuck).
  4964 | D:4      | 4964 ||| Stepping randomly (stuck).
  4965 | D:4      | 4965 ||| Stepping randomly (stuck).
  4966 | D:4      | 4966 ||| Stepping randomly (stuck).
  4967 | D:4      | 4967 ||| Stepping randomly (stuck).
  4968 | D:4      | 4968 ||| Stepping randomly (stuck).
  4969 | D:4      | 4969 ||| Stepping randomly (stuck).
  4970 | D:4      | 4970 ||| Stepping randomly (stuck).
  4971 | D:4      | 4971 ||| Stepping randomly (stuck).
  4972 | D:4      | 4972 ||| Stepping randomly (stuck).
  4973 | D:4      | 4973 ||| Stepping randomly (stuck).
  4974 | D:4      | 4974 ||| Stepping randomly (stuck).
  4975 | D:4      | 4975 ||| Stepping randomly (stuck).
  4976 | D:4      | 4976 ||| Stepping randomly (stuck).
  4977 | D:4      | 4977 ||| Stepping randomly (stuck).
  4978 | D:4      | 4978 ||| Stepping randomly (stuck).
  4979 | D:4      | 4979 ||| Stepping randomly (stuck).
  4980 | D:4      | 4980 ||| Stepping randomly (stuck).
  4981 | D:4      | 4981 ||| Stepping randomly (stuck).
  4982 | D:4      | 4982 ||| Stepping randomly (stuck).
  4983 | D:4      | 4983 ||| Stepping randomly (stuck).
  4984 | D:4      | 4984 ||| Stepping randomly (stuck).
  4985 | D:4      | 4985 ||| Stepping randomly (stuck).
  4986 | D:4      | 4986 ||| Stepping randomly (stuck).
  4987 | D:4      | 4987 ||| Stepping randomly (stuck).
  4988 | D:4      | 4988 ||| Stepping randomly (stuck).
  4989 | D:4      | 4989 ||| Stepping randomly (stuck).
  4990 | D:4      | 4990 ||| Stepping randomly (stuck).
  4991 | D:4      | 4991 ||| Stepping randomly (stuck).
  4992 | D:4      | 4992 ||| Stepping randomly (stuck).
  4993 | D:4      | 4993 ||| Stepping randomly (stuck).
  4994 | D:4      | 4994 ||| Stepping randomly (stuck).
  4995 | D:4      | 4995 ||| Stepping randomly (stuck).
  4996 | D:4      | 4996 ||| Stepping randomly (stuck).
  4997 | D:4      | 4997 ||| Stepping randomly (stuck).
  4998 | D:4      | 4998 ||| Stepping randomly (stuck).
  4999 | D:4      | 4999 ||| Stepping randomly (stuck).
  5000 | D:4      | 5000 ||| Stepping randomly (stuck).
  5001 | D:4      | 5001 ||| Stepping randomly (stuck).
  5002 | D:4      | 5002 ||| Stepping randomly (stuck).
  5003 | D:4      | 5003 ||| Stepping randomly (stuck).
  5004 | D:4      | 5004 ||| Stepping randomly (stuck).
  5005 | D:4      | 5005 ||| Stepping randomly (stuck).
  5006 | D:4      | 5006 ||| Stepping randomly (stuck).
  5007 | D:4      | 5007 ||| Stepping randomly (stuck).
  5008 | D:4      | 5008 ||| Stepping randomly (stuck).
  5009 | D:4      | 5009 ||| Stepping randomly (stuck).
  5010 | D:4      | 5010 ||| Stepping randomly (stuck).
  5011 | D:4      | 5011 ||| Stepping randomly (stuck).
  5012 | D:4      | 5012 ||| Stepping randomly (stuck).
  5013 | D:4      | 5013 ||| Stepping randomly (stuck).
  5014 | D:4      | 5014 ||| Stepping randomly (stuck).
  5015 | D:4      | 5015 ||| Stepping randomly (stuck).
  5016 | D:4      | 5016 ||| Stepping randomly (stuck).
  5017 | D:4      | 5017 ||| Stepping randomly (stuck).
  5018 | D:4      | 5018 ||| Stepping randomly (stuck).
  5019 | D:4      | 5019 ||| Stepping randomly (stuck).
  5020 | D:4      | 5020 ||| Stepping randomly (stuck).
  5021 | D:4      | 5021 ||| Stepping randomly (stuck).
  5022 | D:4      | 5022 ||| Stepping randomly (stuck).
  5023 | D:4      | 5023 ||| Stepping randomly (stuck).
  5024 | D:4      | 5024 ||| Stepping randomly (stuck).
  5025 | D:4      | 5025 ||| Stepping randomly (stuck).
  5026 | D:4      | 5026 ||| Stepping randomly (stuck).
  5027 | D:4      | 5027 ||| Stepping randomly (stuck).
  5028 | D:4      | 5028 ||| Stepping randomly (stuck).
  5029 | D:4      | 5029 ||| Stepping randomly (stuck).
  5030 | D:4      | 5030 ||| Stepping randomly (stuck).
  5031 | D:4      | 5031 ||| Stepping randomly (stuck).
  5032 | D:4      | 5032 ||| Stepping randomly (stuck).
  5033 | D:4      | 5033 ||| Stepping randomly (stuck).
  5034 | D:4      | 5034 ||| Stepping randomly (stuck).
  5035 | D:4      | 5035 ||| Stepping randomly (stuck).
  5036 | D:4      | 5036 ||| Stepping randomly (stuck).
  5037 | D:4      | 5037 ||| Stepping randomly (stuck).
  5038 | D:4      | 5038 ||| Stepping randomly (stuck).
  5039 | D:4      | 5039 ||| Stepping randomly (stuck).
  5040 | D:4      | 5040 ||| Stepping randomly (stuck).
  5041 | D:4      | 5041 ||| Stepping randomly (stuck).
  5042 | D:4      | 5042 ||| Stepping randomly (stuck).
  5043 | D:4      | 5043 ||| Stepping randomly (stuck).
  5044 | D:4      | 5044 ||| Stepping randomly (stuck).
  5045 | D:4      | 5045 ||| Stepping randomly (stuck).
  5046 | D:4      | 5046 ||| Stepping randomly (stuck).
  5047 | D:4      | 5047 ||| Stepping randomly (stuck).
  5048 | D:4      | 5048 ||| Stepping randomly (stuck).
  5049 | D:4      | 5049 ||| Stepping randomly (stuck).
  5050 | D:4      | 5050 ||| Stepping randomly (stuck).
  5051 | D:4      | 5051 ||| Stepping randomly (stuck).
  5052 | D:4      | 5052 ||| Stepping randomly (stuck).
  5053 | D:4      | 5053 ||| Stepping randomly (stuck).
  5054 | D:4      | 5054 ||| Stepping randomly (stuck).
  5055 | D:4      | 5055 ||| Stepping randomly (stuck).
  5056 | D:4      | 5056 ||| Stepping randomly (stuck).
  5057 | D:4      | 5057 ||| Stepping randomly (stuck).
  5058 | D:4      | 5058 ||| Stepping randomly (stuck).
  5059 | D:4      | 5059 ||| Stepping randomly (stuck).
  5060 | D:4      | 5060 ||| Stepping randomly (stuck).
  5061 | D:4      | 5061 ||| Stepping randomly (stuck).
  5062 | D:4      | 5062 ||| Stepping randomly (stuck).
  5063 | D:4      | 5063 ||| Stepping randomly (stuck).
  5064 | D:4      | 5064 ||| Stepping randomly (stuck).
  5065 | D:4      | 5065 ||| Stepping randomly (stuck).
  5066 | D:4      | 5066 ||| Stepping randomly (stuck).
  5067 | D:4      | 5067 ||| Stepping randomly (stuck).
  5068 | D:4      | 5068 ||| Stepping randomly (stuck).
  5069 | D:4      | 5069 ||| Stepping randomly (stuck).
  5070 | D:4      | 5070 ||| Stepping randomly (stuck).
  5071 | D:4      | 5071 ||| Stepping randomly (stuck).
  5072 | D:4      | 5072 ||| Stepping randomly (stuck).
  5073 | D:4      | 5073 ||| Stepping randomly (stuck).
  5074 | D:4      | Quit the game

Levels and vault maps discovered:
D:1:      ncdulo_smallfort, layout_rooms, hellmonk_ecumenical_altar_blasted,
          grunt_decor_mini_mirrors
D:2:      layout_basic, uniq_natasha
D:3:      layout_loops_ring, tso_oasis_becter, st_stairs_3
D:4:      layout_loops_ring, minmay_temple_entry_oklob, serial_shops, shop,
          eino_curves_04

Skill      XL: |  1  2  3  4  5  6  7 |
---------------+----------------------+-----
Unarmed Combat | 1 2 3 4 5 6 7 |  7.4
Fighting       | 1 2 3 |  3.0
Armour         | 1 |  1.2
Dodging        | |  1.7
Stealth        | |  2.1
Spellcasting   | |  1.7
Conjurations   | |  0.7
Fire Magic     | |  2.4

Action                   |  1- 3 |  4- 6 |  7- 9 || total
-------------------------+-------+-------+-------++-------
Melee: Unarmed           |    88 |   164 |    35 ||   287
       Punch             |     1 |     6 |       ||     7
  Use: Scroll            |     4 |     2 |     5 ||    11
       Potion            |       |     1 |       ||     1
Armor: Robe              |     5 |       |       ||     5
       Chain mail        |    17 |    65 |    19 ||   101
Dodge: Dodged            |    30 |    41 |    11 ||    82

Table legend:
 A = Non-vault XP
 B = Vault XP
 C = Vault XP percentage of total XP
 D = Non-vault monster count
 E = Vault monster count
 F = Vault count percentage of total count
                 A         B        C        D         E       F
            +---------+---------+-------+---------+---------+-------
      Total |     758 |      78 |   9.3 |      68 |       2 |   2.9
            +---------+---------+-------+---------+---------+-------
        D:1 |      31 |       0 |   0.0 |      17 |       0 |   0.0
        D:2 |     126 |      35 |  21.7 |      19 |       1 |   5.0
        D:3 |     245 |      43 |  14.9 |      18 |       1 |   5.3
        D:4 |     356 |       0 |   0.0 |      14 |       0 |   0.0
            +---------+---------+-------+---------+---------+-------
